 Dungeon Crawl Stone Soup version 0.27-a0-828-g8289197e94 (webtiles) character file.

Game seed: 16665543795642656295

191 robertstho the Magician (level 5, -9/37 HPs)
             Began as a Djinni Fire Elementalist on Mar 30, 2021.
             Mangled by an iguana (10 damage)
             ... on level 2 of the Dungeon.
             The game lasted 00:02:44 (2901 turns).

robertstho the Magician (Djinni Fire Elementalist)  Turns: 2901, Time: 00:02:44

Health: -9/37      AC:  3    Str:  7    XL:     5   Next: 70%
Gold:   105        EV: 12    Int: 18    God:
                   SH:  0    Dex: 13

rFire    + + +     SeeInvis .   c - +0 short sword
rCold    x x .     Faith    .   (no shield)
rNeg     . . .     Spirit   .   a - +0 robe
rPois    ∞         Reflect  .   (no helmet)
rElec    .         Harm     .   j - +0 cloak
rCorr    .         Rampage  .   (no gloves)
Will     .....                  (boots unavailable)
Stlth    ++........             (no amulet)
HPRegen  0.12/turn              g - ring of fire
MPRegen  0.00/turn              (no ring)

@: attractive, flying, very slightly contaminated
A: fire resistance 2, cold vulnerability 1, float, innate caster, hp casting,
extra vitality 1
a: no special abilities


You were on level 2 of the Dungeon.
You visited 1 branch of the dungeon, and saw 3 of its levels.

You collected 105 gold pieces.

Inventory:

Hand Weapons
 c - a +0 short sword (weapon)
Armour
 a - a +0 robe (worn)
 j - a +0 cloak (worn)
Jewellery
 g - a ring of fire (left hand)
Scrolls
 b - 2 scrolls of teleportation {unknown}
 d - 4 scrolls of noise {unknown}
 f - a scroll of identify {unknown}
 i - a scroll of fear {unknown}


   Skills:
 * Level 1.6 Fighting
 + Level 2.6 Dodging
 + Level 1.9 Stealth
 * Level 4.7 Spellcasting


You couldn't memorise any spells.
You knew the following spells:

 Your Spells              Type           Power      Damage    Failure   Level
a - Foxfire               Conj/Fire      100%       2x1d9     1%          1
b - Conjure Flame         Conj/Fire      32%        6-21      6%          3
c - Inner Flame           Hex/Fire       32%        N/A       6%          3
d - Sticky Flame          Conj/Fire      32%        2d5       19%         4
e - Fireball              Conj/Fire      16%        3d8       47%         5
f - Summon Small Mammal   Summ           84%        N/A       1%          1
g - Ensorcelled Hibernat  Hex/Ice        42%        N/A       3%          2
Your spell library was empty.

Dungeon Overview and Level Annotations

Branches:
Dungeon (3/15)

Altars:


Innate Abilities, Weirdness & Mutations

You are immune to poison.
Your flesh is very heat resistant. (rF++)
You are vulnerable to cold. (rC-)
You float through the air rather than walking.
You learn spells naturally, not from books.
Your magical power is your life essence.
You have superior vitality. (+4 HP)


Message History

The foxfire hits the iguana.
The iguana is almost dead.
The iguana bites you.
Casting: Foxfire (safe; 1% risk of failure)
Confirm with . or Enter, or press ? or * to list all spells.
You feel a surge of power!
You conjure some foxfire!
The iguana barely misses you.
Your foxfire dissipates!
The iguana barely misses you.
There is a stone staircase leading up here.
The iguana closely misses you.
You fly upwards.
There is a stone staircase leading down here.
Casting: Foxfire (safe; 1% risk of failure)
Confirm with . or Enter, or press ? or * to list all spells.
You feel a surge of power!
You miscast Foxfire.
You are very lightly contaminated with residual magic.
Nothing appears to happen.
The iguana hisses menacingly.
The iguana bites you!
* * * LOW HITPOINT WARNING * * *
It was a potion of flight.
You feel more buoyant. The iguana bites you.
* * * LOW HITPOINT WARNING * * *
It was a potion of attraction.
You feel attractive to monsters. The iguana completely misses you.
You aren't carrying any items that you can evoke.
Casting: Foxfire (safe; 1% risk of failure)
Confirm with . or Enter, or press ? or * to list all spells.
You don't have enough health to cast this spell.
Unknown command.
You completely miss the iguana.
The iguana is almost dead.
The iguana bites you but does no damage.
You hit the iguana but do no damage.
The iguana is almost dead.
The iguana bites you!
You die...

##'####.....# #.# #.#.#.# ##
#.....#.#...# #.# #.#.#.######
#.....#.#...# #.# #.#.#.......
#.....#.#...###.# #.#.........
#.....#.........# #.#.........
##'#######.########.#.........
#.#................#..>......
#.#.###.###...######.........
#.#+###+###l@.#### #.........
#................# ##########
#...........##.###
#...).......'....####♣♣♣♣♣
#...........####..#....♣.♣♣♣#
#.#######'#.# ##......)♣..♣#
#.# #.#.# #......♣♣♣♣.' #.#
#.#.# ##....♣♣ ♣♣# #.# #.#.#
####♣♣ #


You could see an iguana.

Vanquished Creatures
  An ice beast (D:2)
  Crazy Yiuf (D:2)
  2 adders (D:2)
  A worm (D:2)
  2 dart slugs (D:2)
  4 endoplasms
  2 giant cockroaches (D:1)
  6 hobgoblins
  10 jackals (D:2)
  7 kobolds
  A quokka (D:2)
  5 ball pythons
  2 frilled lizards
  3 goblins (D:1)
  A rat (D:1)
48 creatures vanquished.

Vanquished Creatures (others)
  150 foxfires
150 creatures vanquished.

Grand Total: 198 creatures vanquished

Notes
Turn   | Place    | Note
-------+----------+-------------------------------------------
     0 | D:1      | robertstho the Djinni Fire Elementalist began the quest for
                  | the Orb.
     0 | D:1      | Reached XP level 1. HP: 15/15 MP: 0/0
   449 | D:1      | Reached skill level 3 in Spellcasting
   449 | D:1      | Reached XP level 2. HP: 19/22 MP: 0/0
  1221 | D:2      | Reached XP level 3. HP: 24/26 MP: 0/0
  1221 | D:2      | Learned a level 1 spell: Summon Small Mammal
  1375 | D:2      | Noticed an ice beast
  1383 | D:2      | Killed an ice beast
  1384 | D:2      | Reached skill level 1 in Fighting
  1384 | D:2      | Reached skill level 4 in Spellcasting
  1384 | D:2      | Reached XP level 4. HP: 26/32 MP: 0/0
  1384 | D:2      | Reached XP level 5. HP: 30/37 MP: 0/0
  1384 | D:2      | Learned a level 2 spell: Ensorcelled Hibernation
  2560 | D:2      | Found a runed translucent door.
  2561 | D:2      | Noticed Crazy Yiuf
  2647 | D:2      | Killed Crazy Yiuf
  2898 | D:2      | HP: 1/37 [iguana (3)]
  2901 | D:2      | Mangled by an iguana

Illustrated notes

Levels and vault maps discovered:
D:1:      minmay_arrival_diagonal_passages, layout_loops_ring, serial_rivers,
          chequers_serial_rivers_large_a, chequers_serial_rivers_micro_e,
          chequers_serial_rivers_room_b, chequers_serial_rivers_marsh
D:2:      layout_basic, uniq_crazy_yiuf_cottage
D:3:      layout_rooms, chequers_ecumenical_altar_simple, xom_redecorated

Skill      XL: |  1  2  3 |
---------------+----------+-----
Spellcasting   | 3 4 |  4.7
Fighting       | 1 |  1.6
Dodging        | |  2.6
Stealth        | |  1.9

Action                   |  1- 3 |  4- 6 || total
-------------------------+-------+-------++-------
Melee: Short sword       |    11 |     2 ||    13
 Cast: Foxfire           |    44 |    53 ||    97
       Sticky Flame      |       |     2 ||     2
  Use: Potion            |       |     2 ||     2
Armor: Robe              |     3 |     4 ||     7
Dodge: Dodged            |     7 |    23 ||    30

Table legend: (Time is in decaauts)
 A = Elapsed time spent in this place.
 B = Non-inter-level travel time spent in this place.
 C = Inter-level travel time spent in this place.
 D = Time resting spent in this place.
 E = Time spent auto-exploring this place.
 F = Levels seen in this place.
 G = Mean time per level.
                   A        B        C        D        E       F      G
               +--------+--------+--------+--------+--------+-----+--------+
         Total |   2901 |   2859 |     42 |      0 |   2517 |   3 |  967.0 |
       Dungeon |   2901 |   2859 |     42 |      0 |   2517 |   3 |  967.0 |
               +--------+--------+--------+--------+--------+-----+--------+

Top non-repeatable levels by time:
     D:2: 1601 daAuts
     D:1: 1216 daAuts
     D:3: 82 daAuts
